 Dungeon Crawl Stone Soup version 0.29.1 (webtiles) character file.

Game seed: 14637119255417520735

22213 qw the Severer (level 12, -6/112 HPs)
             Began as a Minotaur Berserker on Sept 13, 2022.
             Was a Priest of Trog.
             Mangled by a death yak (11 damage)
             ... on level 5 of the Lair of Beasts.
             The game lasted 00:04:32 (16306 turns).

qw the Severer (Minotaur Berserker)                Turns: 16306, Time: 00:04:32

Health: -6/112     AC: 15    Str: 27    XL:     12   Next: 61%
Magic:  11/11      EV: 12    Int:  4    God:    Trog [***...]
Gold:   408        SH: 10    Dex: 10    Spells: 11/11 levels left

rFire   . . .      SeeInvis +   Y - +2 broad axe (drain)
rCold   + . .      Faith    .   r - +0 buckler
rNeg    . . .      Spirit   .   h - quicksilver dragon scales
rPois   .          Reflect  +   (helmet restricted)
rElec   .          Harm     .   m - +0 cloak
rCorr   .          Rampage  .   (no gloves)
Will    +....                   j - +0 pair of boots
Stlth   ..........              p - amulet of reflection
HPRegen 0.28/turn               b - ring of protection from cold
MPRegen 0.12/turn               e - ring of see invisible

@: about to teleport, on berserk cooldown, slowed, very slow
A: horns 2, retaliatory headbutt
a: Renounce Religion, Berserk, Trog's Hand


You were on level 5 of the Lair of Beasts.
You worshipped Trog.
Trog was most pleased with you.
You visited 2 branches of the dungeon, and saw 13 of its levels.

You collected 621 gold pieces.
You spent 213 gold pieces at shops.


Innate Abilities, Weirdness & Mutations

You have a pair of horns on your head.
You reflexively headbutt those who attack you in melee.


   Skills:
 - Level 12.2 Fighting
 - Level 18.0 Axes
 - Level 4.8 Throwing
 - Level 9.0 Armour
 - Level 5.2 Dodging
 + Level 7.1 Shields


You had 11 spell levels left.
You didn't know any spells.
Your spell library was empty.

Inventory:

Hand Weapons
 n - a -3 eveningstar
 Y - a +2 broad axe of draining (weapon)
Missiles
 o - 7 boomerangs (quivered)
Armour
 d - a +2 scale mail of fire resistance
 h - quicksilver dragon scales (worn)
 i - a +0 plate armour
 j - a +0 pair of boots (worn)
 m - a +0 cloak (worn)
 r - a +0 buckler (worn)
Jewellery
 b - a ring of protection from cold (left hand)
 e - a ring of see invisible (right hand)
 p - an amulet of reflection (around neck)
Scrolls
 a - 8 scrolls of identify
 g - 5 scrolls of teleportation
Potions
 c - 4 potions of heal wounds
 f - 7 potions of curing
 k - 2 potions of might
 l - 2 potions of mutation

Dungeon Overview and Level Annotations

Branches:
Dungeon (8/15)             Temple (0/1) D:6            Lair (5/5) D:8
 Shoals (0/4) Lair:2       Spider (0/4) Lair:2        Slime (0/5) Lair:4

Altars:
Dithmenos
Wu Jian
The Shining One

Shops:
D:1 [   D:5 *   D:7 ((*=

Annotations:
Lair:2 3 runed translucent doors, qw's ghost, journeyman TrCA


Message History

You headbutt the death yak, but do no damage.
You block the death yak's attack.
You hit the death yak. You drain the death yak.
The death yak is lightly wounded.
You slice the death yak!!
The death yak is heavily wounded.
You slash the death yak! The death yak gores you! The death yak gores you.
You hit the death yak but do no damage. You drain the death yak.
The death yak is heavily wounded.
You slash the death yak! You drain the death yak. The death yak gores you.
The death yak closely misses you.
You hit the death yak.
The death yak is lightly wounded.
You barely miss the death yak. The death yak closely misses you.
You furiously retaliate!
You headbutt the death yak, but do no damage.
You hit the death yak. You drain the death yak.
You headbutt the death yak, but do no damage.
The death yak is lightly wounded.
You hit the death yak. You slice the death yak!! The death yak gores you.
The death yak gores you!
You slash the death yak!
The death yak is moderately wounded.
You barely miss the death yak. You hit the death yak but do no damage.
You drain the death yak. The death yak closely misses you.
You furiously retaliate!
You headbutt the death yak, but do no damage.
The death yak gores you!! x2
You barely miss the death yak.
The death yak is moderately wounded.
You hit the death yak but do no damage. You barely miss the death yak.
The death yak gores you! x2; The death yak closely misses you.
16306 ||| READING 6 scrolls of teleportation.
As you read the scroll of teleportation, it crumbles to dust.
You feel strangely unstable. The death yak gores you!
The death yak gores you but does no damage.
The death yak gores you!
You die...

## ### ## .# ##.
#########.# #. ...##..
##...#.##..####
.....#.###......#.%%##..
........%.......##...##.
......YY................
......Y@................
......Y#.....#....).....
.........#..............
..........#.............
...............P........
....#..................#
..#.#........P#.........
..# ... ..P.....P.#.....
.P.....##.......


You could see 4 death yaks.

Vanquished Creatures
  Fannar (Lair:2)
  A boulder beetle (Lair:5)
  3 hydras
  A death yak (Lair:5)
  An oklob plant (Lair:4)
  9 elephants
  4 merfolk sirens (Lair:2)
  A black mamba (Lair:2)
  8 cane toads
  9 komodo dragons
  A polar bear (Lair:1)
  4 blink frogs
  Eustachio (D:6)
  11 yaks
  4 wyverns
  2 basilisks
  A warg (Lair:1)
  An acid dragon (D:8)
  Duvessa (D:5)
  10 water moccasins
  An ice beast (D:6)
  2 orc warriors (D:8)
  3 sky beasts
  2 black bears
  An ogre (D:4)
  9 wolves (Lair:1)
  A phantom (D:4)
  A centaur (D:6)
  A kobold brigand (D:7)
  3 bullfrogs
  5 scorpions
  8 wights
  Dowan (D:5)
  4 killer bees (D:8)
  3 howler monkeys (D:8)
  2 jellies
  7 hounds
  3 orc priests (D:5)
  5 orc wizards
  Natasha (thrice) (D:3)
  3 iguanas
  5 hell rats (Lair:2)
  5 gnolls
  10 adders
  A shadow imp (D:6)
  8 worms
  6 dart slugs
  22 orcs
  10 ball pythons
  5 bats
  8 endoplasms
  4 giant cockroaches
  8 goblins
  11 hobgoblins
  2 jackals (D:4)
  13 kobolds
  6 quokkas
  4 frilled lizards
  7 rats
277 creatures vanquished.

Vanquished Creatures (others)
  10 fungi
  23 plants
33 creatures vanquished.

Grand Total: 310 creatures vanquished

Notes
Turn   | Place    | Note
-------+----------+-------------------------------------------
     0 | D:1      | qw the Minotaur Berserker began the quest for the Orb.
     0 | D:1      | Reached XP level 1. HP: 19/19 MP: 0/0
     0 | D:1      | 0 ||| qw: Version: 0.1-a-119-g272c26d
     0 | D:1      | 0 ||| qw: Game counter: 11089
     0 | D:1      | 0 ||| qw: Always use a shield: true
     0 | D:1      | 0 ||| qw: Do Orc after D:15 true
     0 | D:1      | 0 ||| qw: Do second Lair branch before Depths: true
     0 | D:1      | 0 ||| qw: Lair rune preference: random
     0 | D:1      | 0 ||| qw: Plans: Normal
     0 | D:1      | 0 ||| PLANNING D:1-11
   185 | D:1      | Reached skill level 4 in Axes
   187 | D:1      | 187 ||| INVOKING Berserk.
   187 | D:1      | HP: 5/28 [hobgoblin (4)]
   192 | D:1      | HP: 3/28 [kobold/+2 short sword of holy wrath (2)]
   194 | D:1      | Reached XP level 2. HP: 5/26 MP: 1/1
   205 | D:1      | HP: 2/26 [bat (1)]
   575 | D:1      | 575 ||| DROPPING amulet of faith.
   576 | D:1      | 576 ||| READING 2 scrolls labelled XOJITE BIB ZUC.
   637 | D:1      | Found Ypaotroiha's Antique Armour Boutique.
   654 | D:1      | 654 ||| SHOPLISTING pair of embroidered boots (202 gold,
                  | have 0).
   654 | D:1      | 654 ||| SHOPLISTING shiny scale mail (189 gold, have 0).
   654 | D:1      | 654 ||| SHOPLISTING shiny steam dragon scales (1161 gold,
                  | have 0).
   666 | D:1      | 666 ||| INVOKING Berserk.
   669 | D:1      | Reached skill level 5 in Axes
   671 | D:1      | Reached XP level 3. HP: 31/31 MP: 2/2
   904 | D:1      | 904 ||| DROPPING +0 club.
  1129 | D:1      | 1129 ||| UPGRADING to +0 ring mail.
  1139 | D:1      | 1139 ||| DROPPING +0 animal skin.
  1140 | D:1      | 1140 ||| READING scroll labelled WAREKHL YMACLE.
  1141 | D:1      | 1141 ||| DRINKING 2 metallic coppery potions.
  1142 | D:1      | 1142 ||| DROPPING scroll of magic mapping.
  1143 | D:1      | 1143 ||| DROPPING potion of magic.
  1185 | D:2      | 1185 ||| Stepping ~*~*~tactically~*~*~ (hiding).
  1187 | D:2      | 1187 ||| Stepping ~*~*~tactically~*~*~ (hiding).
  1350 | D:2      | Reached ** piety under Trog
  1413 | D:2      | 1413 ||| Stepping ~*~*~tactically~*~*~ (stealth).
  1417 | D:2      | 1417 ||| Stepping ~*~*~tactically~*~*~ (stealth).
  1543 | D:2      | Found a faded altar of an unknown god.
  1677 | D:2      | Reached XP level 4. HP: 39/39 MP: 3/3
  1788 | D:2      | 1788 ||| UPGRADING to ring of protection from cold.
  1789 | D:2      | 1789 ||| READING scroll labelled FOTHRY WEUH.
  1790 | D:2      | 1790 ||| READING scroll labelled CYWORGH JIACVYR.
  1791 | D:2      | 1791 ||| READING scroll labelled OCERIS KAZUHI.
  1792 | D:2      | 1792 ||| DRINKING 2 fuming purple potions.
  1793 | D:2      | 1793 ||| READING 2 scrolls of identify.
  1793 | D:2      | 1793 ||| IDENTIFYING fuming silvery potion
  1794 | D:2      | 1794 ||| DROPPING potion of lignification.
  1795 | D:2      | 1795 ||| DROPPING potion of attraction.
  1815 | D:3      | Reached skill level 6 in Axes
  1907 | D:3      | Noticed Natasha
  1908 | D:3      | 1908 ||| FLEEEEING.
  1909 | D:3      | 1909 ||| FLEEEEING.
  1913 | D:3      | 1913 ||| FLEEEEING.
  1914 | D:3      | 1914 ||| FLEEEEING.
  1915 | D:3      | 1915 ||| FLEEEEING.
  1920 | D:3      | 1920 ||| INVOKING Berserk.
  1925 | D:3      | Killed Natasha
  2326 | D:3      | 2326 ||| INVOKING Berserk.
  2335 | D:3      | Reached skill level 7 in Axes
  2335 | D:3      | Reached XP level 5. HP: 45/45 MP: 4/4
  2481 | D:3      | 2481 ||| Stepping ~*~*~tactically~*~*~ (stealth).
  2485 | D:3      | Noticed Natasha
  2486 | D:3      | 2486 ||| Stepping ~*~*~tactically~*~*~ (stealth).
  2502 | D:3      | 2502 ||| Stepping ~*~*~tactically~*~*~ (stealth).
  2503 | D:3      | 2503 ||| INVOKING Berserk.
  2505 | D:3      | Killed Natasha
  2619 | D:3      | Noticed Natasha
  2622 | D:3      | 2622 ||| INVOKING Berserk.
  2628 | D:3      | Killed Natasha
  2764 | D:3      | Found an ornate altar of the Wu Jian Council.
  3268 | D:3      | 3268 ||| Stepping ~*~*~tactically~*~*~ (stealth).
  3339 | D:3      | 3339 ||| UPGRADING to +2 scale mail of fire resistance.
  3349 | D:3      | 3349 ||| DROPPING +0 ring mail.
  3352 | D:3      | 3352 ||| READING scroll labelled BORAHO GAG.
  3353 | D:3      | 3353 ||| READING scroll labelled CYTADDIAWN.
  3354 | D:3      | 3354 ||| READING scroll labelled DITACO SEEZEA.
  3355 | D:3      | 3355 ||| DRINKING 3 glowing black potions.
  3356 | D:3      | 3356 ||| DRINKING 2 brown potions.
  3357 | D:3      | 3357 ||| READING 4 scrolls of identify.
  3357 | D:3      | 3357 ||| IDENTIFYING bubbling amethyst potion
  3358 | D:3      | 3358 ||| READING 3 scrolls of identify.
  3358 | D:3      | 3358 ||| IDENTIFYING murky clear potion
  3359 | D:3      | 3359 ||| Stepping randomly (stuck).
  3360 | D:3      | 3360 ||| Stepping ~*~*~tactically~*~*~ (cloud).
  3735 | D:4      | Reached skill level 8 in Axes
  3735 | D:4      | Reached XP level 6. HP: 52/52 MP: 5/5
  4053 | D:4      | 4053 ||| Stepping ~*~*~tactically~*~*~ (stealth).
  4054 | D:4      | 4054 ||| Stepping ~*~*~tactically~*~*~ (stealth).
  4057 | D:4      | Reached *** piety under Trog
  4172 | D:4      | Reached skill level 9 in Axes
  4362 | D:4      | 4362 ||| INVOKING Berserk.
  4366 | D:4      | Reached XP level 7. HP: 61/61 MP: 6/6
  4498 | D:4      | 4498 ||| Stepping ~*~*~tactically~*~*~ (stealth).
  4518 | D:4      | 4518 ||| DROPPING +0 whip.
  4720 | D:4      | 4720 ||| INVOKING Berserk.
  4878 | D:4      | 4878 ||| Stepping ~*~*~tactically~*~*~ (stealth).
  4979 | D:4      | 4979 ||| UPGRADING to ring of see invisible.
  4980 | D:4      | 4980 ||| READING scroll labelled XIBADWOOLI.
  5081 | D:4      | 5081 ||| DRINKING 2 purple potions.
  5186 | D:4      | 5186 ||| READING 6 scrolls of identify.
  5186 | D:4      | 5186 ||| IDENTIFYING amethyst potion
  5187 | D:4      | 5187 ||| DROPPING potion of berserk rage.
  5188 | D:4      | 5188 ||| DROPPING potion of ambrosia.
  5248 | D:5      | Entered Level 5 of the Dungeon
  5261 | D:5      | 5261 ||| INVOKING Berserk.
  5266 | D:5      | Reached skill level 10 in Axes
  5399 | D:5      | Noticed Duvessa
  5399 | D:5      | Noticed Dowan
  5400 | D:5      | 5400 ||| Stepping ~*~*~tactically~*~*~ (hiding).
  5401 | D:5      | 5401 ||| Stepping ~*~*~tactically~*~*~ (hiding).
  5403 | D:5      | 5403 ||| Stepping ~*~*~tactically~*~*~ (hiding).
  5406 | D:5      | 5406 ||| INVOKING Berserk.
  5410 | D:5      | Killed Duvessa
  5411 | D:5      | Reached skill level 6 in Fighting
  5414 | D:5      | Killed Dowan
  5415 | D:5      | Reached XP level 8. HP: 70/70 MP: 7/7
  5572 | D:5      | Found Dafeabev's Lightly-Used Armoury.
  5580 | D:5      | 5580 ||| BUYING -3 eveningstar (1 gold).
  5580 | D:5      | Bought a -3 eveningstar for 1 gold piece
  5580 | D:5      | 5580 ||| DROPPING +0 flail.
  5944 | D:5      | 5944 ||| Stepping ~*~*~tactically~*~*~ (stealth).
  5954 | D:5      | 5954 ||| Stepping ~*~*~tactically~*~*~ (hiding).
  5960 | D:5      | 5960 ||| INVOKING Berserk.
  6209 | D:5      | 6209 ||| UPGRADING to +0 pair of boots.
  6214 | D:5      | 6214 ||| DROPPING +6 ring of intelligence.
  6215 | D:5      | 6215 ||| READING 2 scrolls labelled BUFUNU RODI.
  6218 | D:5      | 6218 ||| READING 6 scrolls of identify.
  6218 | D:5      | 6218 ||| IDENTIFYING fizzy blue potion
  6265 | D:6      | Reached skill level 11 in Axes
  6268 | D:6      | Reached skill level 3 in Armour
  6460 | D:6      | Noticed Eustachio
  6468 | D:6      | 6468 ||| INVOKING Berserk.
  6470 | D:6      | Killed Eustachio
  6493 | D:6      | Reached skill level 12 in Axes
  6727 | D:6      | Found a glowing golden altar of the Shining One.
  6735 | D:6      | Found a staircase to the Ecumenical Temple.
  6907 | D:6      | Reached **** piety under Trog
  6982 | D:6      | 6982 ||| SWAPPING to +0 war axe.
  6985 | D:6      | 6985 ||| DROPPING +1 hand axe.
  7026 | D:6      | 7026 ||| Stepping ~*~*~tactically~*~*~ (hiding).
  7028 | D:6      | 7028 ||| Stepping ~*~*~tactically~*~*~ (hiding).
  7233 | D:6      | 7233 ||| UPGRADING to +0 buckler.
  7238 | D:6      | 7238 ||| READING scroll labelled TIGAIHIAKLAI.
  7239 | D:6      | 7239 ||| DRINKING 2 murky yellow potions.
  7240 | D:6      | 7240 ||| READING 5 scrolls of identify.
  7240 | D:6      | 7240 ||| IDENTIFYING bubbling grey potion
  7241 | D:6      | 7241 ||| DROPPING potion of flight.
  7242 | D:6      | 7242 ||| DROPPING potion of degeneration.
  7262 | D:7      | Reached XP level 9. HP: 79/79 MP: 8/8
  7356 | D:7      | 7356 ||| Stepping ~*~*~tactically~*~*~ (stealth).
  7358 | D:7      | 7358 ||| Stepping ~*~*~tactically~*~*~ (stealth).
  7360 | D:7      | 7360 ||| Stepping ~*~*~tactically~*~*~ (stealth).
  7363 | D:7      | Reached skill level 3 in Shields
  7363 | D:7      | 7363 ||| Stepping ~*~*~tactically~*~*~ (stealth).
  7406 | D:7      | Found Fyeguly's Antique Weapon Boutique.
  7442 | D:7      | Found Husm's Jewellery Boutique.
  7445 | D:7      | Found Cogouw Kale's Antique Weapon Boutique.
  7452 | D:7      | Found Bigotsi's Assorted Antiques.
  7456 | D:7      | 7456 ||| BUYING glowing hand axe (168 gold).
  7456 | D:7      | Bought a glowing hand axe for 168 gold pieces
  7456 | D:7      | 7456 ||| DROPPING +3 hand axe of venom.
  7461 | D:7      | 7461 ||| SHOPLISTING bone hand axe (216 gold, have 48).
  7465 | D:7      | 7465 ||| SHOPLISTING 2 potions of curing (132 gold, have
                  | 48).
  7465 | D:7      | 7465 ||| SHOPLISTING 3 scrolls labelled ZYAGGOEDYKH (66
                  | gold, have 48).
  7465 | D:7      | 7465 ||| SHOPLISTING potion of curing (66 gold, have 48).
  7465 | D:7      | 7465 ||| SHOPLISTING scroll of enchant armour (165 gold,
                  | have 48).
  7465 | D:7      | 7465 ||| BUYING scroll of identify (44 gold).
  7465 | D:7      | Bought a scroll of identify for 44 gold pieces
  7465 | D:7      | 7465 ||| SHOPLISTING viscous emerald potion (19 gold, have
                  | 4).
  7472 | D:7      | 7472 ||| SHOPLISTING +4 ring of protection (504 gold, have
                  | 20).
  7472 | D:7      | 7472 ||| SHOPLISTING ring of protection from fire (350
                  | gold, have 20).
  7472 | D:7      | 7472 ||| SHOPLISTING ring of resist corrosion (280 gold,
                  | have 20).
  7472 | D:7      | 7472 ||| SHOPLISTING ring of willpower (350 gold, have 20).
  7665 | D:7      | 7665 ||| SWAPPING to +0 broad axe.
  7666 | D:7      | 7666 ||| DROPPING +0 war axe.
  7670 | D:7      | 7670 ||| DROPPING +0 chain mail.
  7671 | D:7      | 7671 ||| UPGRADING to quicksilver dragon scales.
  7681 | D:7      | 7681 ||| DRINKING 2 viscous emerald potions.
  7682 | D:7      | 7682 ||| DROPPING potion of brilliance.
  7752 | D:8      | Found a shadowy altar of Dithmenos.
  7948 | D:8      | 7948 ||| READING 2 scrolls of enchant weapon.
  7948 | D:8      | 7948 ||| ENCHANTING +0 broad axe.
  7949 | D:8      | 7949 ||| READING scroll of enchant weapon.
  7949 | D:8      | 7949 ||| ENCHANTING +1 broad axe.
  7954 | D:8      | 7954 ||| Stepping ~*~*~tactically~*~*~ (stealth).
  7960 | D:8      | 7960 ||| INVOKING Berserk.
  7969 | D:8      | HP: 29/118 [poisoned by a killer bee]
  7974 | D:8      | HP: 15/79 [poisoned by a killer bee]
  7975 | D:8      | 7975 ||| READING scroll of teleportation.
  7976 | D:8      | 7976 ||| DRINKING 3 potions of heal wounds.
  7979 | D:8      | HP: 13/79 [poisoned by a killer bee]
  7982 | D:8      | HP: 6/79 [poisoned by a killer bee]
  8321 | D:8      | Noticed a komodo dragon
  8322 | D:8      | 8322 ||| DRINKING potion of cancellation.
  8323 | D:8      | 8323 ||| INVOKING Berserk.
  8329 | D:8      | Killed a komodo dragon
  8330 | D:8      | Reached skill level 13 in Axes
  8519 | D:8      | Noticed a komodo dragon
  8520 | D:8      | 8520 ||| INVOKING Berserk.
  8525 | D:8      | Killed a komodo dragon
  8526 | D:8      | Reached skill level 3 in Throwing
  8658 | D:8      | Reached skill level 3 in Dodging
  8820 | D:8      | 8820 ||| INVOKING Berserk.
  9069 | D:8      | 9069 ||| Stepping ~*~*~tactically~*~*~ (stealth).
  9156 | D:8      | Reached XP level 10. HP: 88/88 MP: 9/9
  9194 | D:8      | 9194 ||| INVOKING Berserk.
  9444 | D:8      | 9444 ||| INVOKING Berserk.
  9642 | D:8      | Found a staircase to the Lair.
  9646 | D:8      | 9646 ||| PLANNING LAIR
  9647 | Lair:1   | Entered Level 1 of the Lair of Beasts
  9653 | Lair:1   | 9653 ||| INVOKING Berserk.
  9656 | Lair:1   | Reached skill level 14 in Axes
  9739 | Lair:1   | 9739 ||| Stepping ~*~*~tactically~*~*~ (stealth).
  9742 | Lair:1   | 9742 ||| INVOKING Berserk.
  9812 | Lair:1   | 9812 ||| INVOKING Berserk.
  9815 | Lair:1   | Reached skill level 15 in Axes
  9826 | Lair:1   | Reached skill level 9 in Fighting
  9908 | Lair:1   | 9908 ||| INVOKING Berserk.
 10332 | Lair:1   | 10332 ||| INVOKING Berserk.
 10336 | Lair:1   | Reached skill level 6 in Armour
 10459 | Lair:1   | Noticed a cane toad
 10463 | Lair:1   | 10463 ||| INVOKING Berserk.
 10467 | Lair:1   | Killed a cane toad
 10622 | Lair:1   | 10622 ||| Stepping ~*~*~tactically~*~*~ (stealth).
 10623 | Lair:1   | 10623 ||| Stepping ~*~*~tactically~*~*~ (stealth).
 10625 | Lair:1   | 10625 ||| Stepping ~*~*~tactically~*~*~ (stealth).
 10627 | Lair:1   | 10627 ||| Stepping ~*~*~tactically~*~*~ (stealth).
 10748 | Lair:1   | 10748 ||| INVOKING Berserk.
 10753 | Lair:1   | Reached XP level 11. HP: 97/97 MP: 10/10
 11027 | Lair:1   | 11027 ||| Stepping ~*~*~tactically~*~*~ (stealth).
 11029 | Lair:1   | 11029 ||| Stepping ~*~*~tactically~*~*~ (stealth).
 11039 | Lair:1   | Reached skill level 16 in Axes
 11041 | Lair:1   | 11041 ||| INVOKING Berserk.
 11048 | Lair:1   | Reached skill level 6 in Shields
 11669 | Lair:1   | 11669 ||| UPGRADING to amulet of reflection.
 11674 | Lair:1   | 11674 ||| READING scroll labelled ZYAGGOEDYKH.
 11675 | Lair:1   | 11675 ||| READING scroll labelled FEBUIPPEMMI.
 11698 | Lair:2   | 11698 ||| INVOKING Berserk.
 11717 | Lair:2   | 11717 ||| FLEEEEING.
 11718 | Lair:2   | 11718 ||| FLEEEEING.
 11719 | Lair:2   | 11719 ||| FLEEEEING.
 11720 | Lair:2   | 11720 ||| STAIRDANCE
 11887 | Lair:2   | Found a staircase to the Shoals.
 11888 | Lair:2   | 11888 ||| Stepping ~*~*~tactically~*~*~ (hiding).
 11895 | Lair:2   | Reached skill level 17 in Axes
 12104 | Lair:2   | 12104 ||| INVOKING Berserk.
 12249 | Lair:2   | Noticed a six-headed hydra
 12250 | Lair:2   | 12250 ||| INVOKING Brothers in Arms.
 12251 | Lair:2   | 12251 ||| INVOKING Brothers in Arms.
 12252 | Lair:2   | 12252 ||| INVOKING Brothers in Arms.
 12253 | Lair:2   | 12253 ||| INVOKING Brothers in Arms.
 12254 | Lair:2   | 12254 ||| INVOKING Brothers in Arms.
 12255 | Lair:2   | 12255 ||| INVOKING Brothers in Arms.
 12256 | Lair:2   | 12256 ||| SWAPPING to -3 eveningstar.
 12257 | Lair:2   | 12257 ||| INVOKING Berserk.
 12260 | Lair:2   | Killed a six-headed hydra
 12440 | Lair:2   | 12440 ||| SWAPPING to +2 broad axe of draining.
 12454 | Lair:2   | Found a runed translucent gate.
 12455 | Lair:2   | Found a runed translucent gate.
 12456 | Lair:2   | Found a runed translucent gate.
 12456 | Lair:2   | Noticed qw's ghost (journeyman TrCA)
 12458 | Lair:2   | Noticed a 13-headed hydra
 12560 | Lair:2   | Noticed Fannar
 12579 | Lair:2   | Killed Fannar
 12750 | Lair:2   | Noticed a six-headed hydra
 12754 | Lair:2   | 12754 ||| SWAPPING to -3 eveningstar.
 12755 | Lair:2   | 12755 ||| INVOKING Berserk.
 12758 | Lair:2   | Killed a six-headed hydra
 12762 | Lair:2   | 12762 ||| SWAPPING to +2 broad axe of draining.
 12948 | Lair:2   | 12948 ||| INVOKING Berserk.
 13341 | Lair:2   | Found a hole to the Spider Nest.
 13634 | Lair:3   | 13634 ||| INVOKING Berserk.
 13636 | Lair:3   | Reached XP level 12. HP: 106/106 MP: 11/11
 13641 | Lair:3   | 13641 ||| STAIRDANCE
 14203 | Lair:3   | Reached skill level 18 in Axes
 14591 | Lair:3   | 14591 ||| UPGRADING to +0 cloak.
 14733 | Lair:4   | 14733 ||| INVOKING Berserk.
 14848 | Lair:4   | 14848 ||| INVOKING Berserk.
 14964 | Lair:4   | Identified the +5 battleaxe "Gram" {venom, rC+ rN+ Dex-5}
 14996 | Lair:4   | Identified the +8 mace "Textefin" {vorpal, MP+9 Str+2}
 15002 | Lair:4   | 15002 ||| INVOKING Berserk.
 15391 | Lair:4   | Found a staircase to the Slime Pits.
 15405 | Lair:4   | 15405 ||| INVOKING Berserk.
 15956 | Lair:5   | Entered Level 5 of the Lair of Beasts
 15957 | Lair:5   | 15957 ||| PLANNING GAUNTLET
 15962 | Lair:5   | 15962 ||| Stepping ~*~*~tactically~*~*~ (hiding).
 15979 | Lair:5   | Noticed an eight-headed hydra
 15980 | Lair:5   | 15980 ||| SWAPPING to -3 eveningstar.
 15981 | Lair:5   | 15981 ||| INVOKING Berserk.
 15984 | Lair:5   | Killed an eight-headed hydra
 15989 | Lair:5   | 15989 ||| SWAPPING to +2 broad axe of draining.
 16112 | Lair:5   | 16112 ||| Stepping ~*~*~tactically~*~*~ (stealth).
 16113 | Lair:5   | 16113 ||| Stepping ~*~*~tactically~*~*~ (stealth).
 16129 | Lair:5   | Reached skill level 9 in Armour
 16273 | Lair:5   | Noticed a boulder beetle
 16276 | Lair:5   | 16276 ||| INVOKING Berserk.
 16281 | Lair:5   | Noticed a death yak
 16282 | Lair:5   | Killed a boulder beetle
 16289 | Lair:5   | Noticed a death yak
 16289 | Lair:5   | Noticed a death yak
 16289 | Lair:5   | Noticed a death yak
 16291 | Lair:5   | Noticed a death yak
 16295 | Lair:5   | Noticed a death yak
 16296 | Lair:5   | Killed a death yak
 16297 | Lair:5   | Reached skill level 12 in Fighting
 16305 | Lair:5   | HP: 22/112 [death yak (12)]
 16306 | Lair:5   | 16306 ||| READING 6 scrolls of teleportation.
 16306 | Lair:5   | HP: 5/112 [death yak (10)]
 16306 | Lair:5   | Mangled by a death yak

Levels and vault maps discovered:
D:1:      lightli_arrival_lavapool, layout_basic, serial_shops, shop,
          serial_bayou_lagoon_a, due_unseen_surprise
D:2:      layout_rooms, ebering_ecumenical_altar_ruins
D:3:      layout_basic, general_overflow_altar, serial_glass, glass_columns_c,
          glass_columns_a, chequers_decorated_corner, uniq_natasha
D:4:      minmay_opposing_rooms, layout_basic, st_stairs_11
D:5:      layout_loops_cross, minmay_shop_damaged, hangedman_decor_points,
          uniq_duvessa
D:6:      layout_rooms, mainiacjoe_overflow_alcove_1,
          minmay_temple_entry_antechambers, uniq_eustachio
D:7:      hellmonk_destroyed_diamonds, layout_rooms, minmay_shop_grid_forest
D:8:      layout_gridville, mainiacjoe_overflow_small_starburst,
          erik_lair_dragon
Lair:1:   beast_lair_carwin_large_4, layout_hall_layers, serial_rivers,
          chequers_serial_rivers_large_b, chequers_serial_rivers_micro_d,
          chequers_serial_rivers_small_a, chequers_serial_rivers_micro_e,
          small_statue_intersection, serial_bayou_shore_a
Lair:2:   layout_cave_pods, elwin_shoals_entry_stream,
          nicolae_spider_entry_non_spiders, gammafunk_ghost_hydra_chop,
          serial_bayou_shore_b, uniq_fannar
Lair:3:   layout_long_grid, infiniplex_staircase_pool
Lair:4:   layout_hall_layers, slime_entry_1
Lair:5:   grunt_lair_end_beastmaster, layout_cave_shapes,
          gauntlet_entry_generic, st_stairs_7, lemuel_fruit_tree,
          grunt_megastairs_3

Skill      XL: |  1  2  3  4  5  6  7  8  9 10 11 12 |
---------------+-------------------------------------+-----
Axes           | 4 5 7 8 9 10 12 13 15 17 18 | 18.0
Fighting       | 4 5 6 7 8 9 10 12 | 12.2
Throwing       | 2 3 4 |  4.8
Armour         | 3 5 6 7 9 |  9.0
Shields        | 2 4 5 6 7 |  7.1
Dodging        | 3 4 5 |  5.2

Action                   |  1- 3 |  4- 6 |  7- 9 | 10-12 || total
-------------------------+-------+-------+-------+-------++-------
Melee: Hand axe          |    76 |   128 |   134 |       ||   338
       Headbutt          |     8 |    21 |    23 |    58 ||   110
       Punch             |       |     1 |       |       ||     1
       War axe           |       |       |    25 |       ||    25
       Broad axe         |       |       |    60 |   337 ||   397
       Eveningstar       |       |       |       |     9 ||     9
Throw: Javelin           |       |     6 |    30 |    18 ||    54
       Boomerang         |       |       |    15 |    75 ||    90
Invok: Berserk           |     2 |     5 |     9 |    22 ||    38
       Brothers in Arms  |       |       |       |     1 ||     1
  Use: Scroll            |     2 |     9 |     9 |     3 ||    23
       Potion            |     1 |     3 |     5 |       ||     9
Armor: Animal skin       |     6 |       |       |       ||     6
       Ring mail         |     8 |    13 |       |       ||    21
       Scale mail        |       |    11 |    53 |       ||    64
       Quicksilver drago |       |       |    26 |    92 ||   118
Dodge: Dodged            |    36 |    40 |    75 |   106 ||   257
Block: Buckler           |       |       |    13 |    78 ||    91

Table legend:
 A = Non-vault XP
 B = Vault XP
 C = Vault XP percentage of total XP
 D = Non-vault monster count
 E = Vault monster count
 F = Vault count percentage of total count
                 A         B        C        D         E       F
            +---------+---------+-------+---------+---------+-------
      Total |   24283 |    7451 |  23.5 |     226 |      51 |  18.4
            +---------+---------+-------+---------+---------+-------
        D:1 |      55 |       0 |   0.0 |      23 |       0 |   0.0
        D:2 |      42 |       0 |   0.0 |      17 |       0 |   0.0
        D:3 |     216 |      35 |  13.9 |      28 |       1 |   3.4
        D:4 |     658 |     136 |  17.1 |      28 |      13 |  31.7
        D:5 |     309 |     216 |  41.1 |      16 |       2 |  11.1
        D:6 |     843 |     211 |  20.0 |      14 |       1 |   6.7
        D:7 |     459 |       0 |   0.0 |      11 |       0 |   0.0
        D:8 |    1474 |    1275 |  46.4 |      25 |       5 |  16.7
     Lair:1 |    6622 |    1652 |  20.0 |      23 |      15 |  39.5
     Lair:2 |    4186 |    3121 |  42.7 |      15 |      13 |  46.4
     Lair:3 |    1845 |       0 |   0.0 |       8 |       0 |   0.0
     Lair:4 |    2903 |       0 |   0.0 |       8 |       0 |   0.0
     Lair:5 |    4671 |     805 |  14.7 |      10 |       1 |   9.1
            +---------+---------+-------+---------+---------+-------
